Map: Dusty Gorge

Players

PureLegacy

  • Race: Terran Terran
  • Spawn Location: 11:00

LOADBLASTER

  • Race: Terran Terran
  • League: Grandmaster
  • Spawn Location: 9:00

ViperHyper

  • Race: Terran Terran
  • League: Master
  • Spawn Location: 3:00

llllllllllll

  • Race: Terran Terran
  • League: Master
  • Spawn Location: 5:00

VOD

Have the link to the VOD?

Description

Time

  • Played on: Dec. 1, 2018, 2:07 p.m.
  • Length: 9:22
Show
View Real Time Build Order
Export as new Build Order

PureLegacy Terran 

Build Orders:  

Get SALT Encoding   

  12  0:00  SCV  
  13  0:12  SCV  
  14  0:18  Supply Depot  
  14  0:25  SCV  
  15  0:30  Refinery  
  15  0:39  SCV  
  16  0:46  Barracks  
  16  0:52  SCV  
  17  1:03  Barracks  
  17  1:16  Barracks  
  17  1:20  SCV  
  18  1:34  Reaper  
  19  1:40  Orbital Command  
  19  1:48  Refinery  
  19  1:51  Reaper  
  20  2:03  Supply Depot  
  20  2:04  Reaper  
  20  2:08  Reaper  
  22  2:12  SCV  
  23  2:26  Reaper  
  24  2:30  SCV  
  24  2:32  Supply Depot  
  25  2:42  SCV  
  26  2:49  Reaper  
  27  2:55  Reaper  
  27  2:56  SCV  
  29  3:02  Reaper  
  30  3:08  Command Center  
  30  3:10  SCV  
  31  3:21  Reaper  
  31  3:23  SCV  
  33  3:35  Reaper  
  33  3:40  SCV  
  33  3:41  Bunker  
  35  3:43  Supply Depot  
  36  4:01  SCV  
  38  4:08  Barracks Reactor, Barracks Tech Lab  
  37  4:12  Factory  
  37  4:13  SCV  
  37  4:16  Barracks Reactor  
  37  4:21  Orbital Command  
  37  4:25  SCV  
  37  4:28  Stimpack  
  38  4:38  Marine  
  37  4:39  SCV  
  38  4:48  Marine x2  
  38  4:51  SCV x2  
  42  4:56  Marine  
  42  4:57  Marine x2  
  45  5:01  Starport  
  45  5:02  Factory Reactor  
  45  5:04  SCV  
  45  5:06  SCV  
  47  5:16  Marine, SCV  
  47  5:17  Marine x4  
  53  5:21  SCV  
  49  5:33  SCV  
  49  5:34  Marine x2, SCV  
  49  5:35  Marine x2  
  52  5:42  Engineering Bay  
  52  5:43  Refinery x2  
  52  5:44  Factory Tech Lab, Supply Depot  
  52  5:46  SCV  
  52  5:49  Medivac  
  55  5:50  Medivac  
  55  5:52  SCV  
  55  5:56  Marine x3  
  55  5:57  Marine  
  61  6:03  Supply Depot  
  62  6:06  Marine, SCV  
  62  6:08  Terran Infantry Weapons Level 1  
  64  6:14  Missile Turret  
  64  6:16  Missile Turret  
  64  6:20  SCV x2  
  65  6:27  Marine x4  
  65  6:32  SCV x2  
  70  6:37  Siege Tank  
  73  6:42  Supply Depot  
  73  6:47  Combat Shield  
  73  6:49  SCV x2  
  75  7:03  Command Center  
  75  7:06  Medivac x2  
  79  7:12  Siege Tank  
  81  7:22  Marine  
  81  7:23  Marine x2  
  81  7:24  Marine  
  81  7:26  Marine  
  86  7:33  Supply Depot  
  86  7:34  Supply Depot  
  86  7:36  Barracks  
  86  7:38  Engineering Bay  
  86  7:41  Barracks  
  86  7:43  Armory  
  86  7:54  SCV x2  
  86  7:55  Supply Depot  
  88  8:03  Marine x5  
  90  8:06  SCV x2  
  90  8:08  Siege Tank  
  95  8:19  SCV x2  
  97  8:20  Medivac  
  97  8:21  Medivac  
  97  8:24  Barracks Reactor  
  101  8:29  Factory  
  101  8:30  Supply Depot  
  101  8:31  Barracks Reactor  
  101  8:34  SCV  
  101  8:35  SCV  
  103  8:42  Siege Tank  
  98  8:49  Marine x4  
  98  8:50  Marine  
  73  9:04  Marine x2  
Show
View Real Time Build Order
Export as new Build Order

LOADBLASTER Terran 

Build Orders: 1/1/1, Banshee Rush 

Get SALT Encoding   

  12  0:01  SCV  
  13  0:13  SCV  
  14  0:19  Supply Depot  
  14  0:25  SCV  
  15  0:40  SCV  
  15  0:41  Barracks  
  16  0:46  Refinery  
  16  0:52  SCV  
  16  0:56  Refinery  
  17  1:05  SCV  
  18  1:17  SCV  
  19  1:28  Marine  
  19  1:29  Orbital Command  
  20  1:40  Factory  
  20  1:50  Supply Depot  
  20  1:53  Marine  
  21  1:57  SCV  
  22  2:09  SCV  
  22  2:12  Marine  
  24  2:21  SCV  
  24  2:22  Bunker  
  25  2:26  Factory Tech Lab  
  25  2:28  Starport  
  25  2:32  Barracks Tech Lab  
  25  2:33  SCV  
  26  2:47  Siege Tank  
  29  2:51  Supply Depot  
  29  2:55  SCV  
  30  3:09  Cloaking Field  
  30  3:20  Marine, Command Center  
  31  3:28  Banshee  
  31  3:32  SCV  
  35  3:38  Supply Depot  
  35  3:45  SCV  
  36  3:50  Siege Tank  
  39  4:00  Barracks Reactor, SCV  
  40  4:12  SCV  
  41  4:17  Banshee  
  44  4:24  SCV  
  45  4:33  Orbital Command  
  45  4:36  SCV  
  48  4:41  Siege Tank  
  49  4:51  SCV  
  49  4:52  Command Center  
  50  4:54  Marine  
  50  4:56  Marine  
  50  4:58  SCV  
  53  5:04  SCV  
  54  5:10  SCV  
  54  5:13  Supply Depot  
  55  5:14  Starport Reactor  
  55  5:16  SCV  
  59  5:22  SCV  
  59  5:27  Stimpack  
  59  5:28  Barracks, SCV  
  57  5:29  Barracks  
  59  5:39  Engineering Bay  
  59  5:40  SCV x2  
  59  5:41  Engineering Bay  
  60  5:46  Marine  
  58  5:51  Siege Tank  
  58  5:52  SCV  
  58  5:53  SCV  
  63  5:58  Refinery x2  
  63  6:03  Starport Reactor, Marine  
  63  6:04  SCV  
  63  6:05  Orbital Command  
  63  6:10  SCV  
  61  6:16  SCV  
  60  6:21  Terran Infantry Armor Level 1, Terran Infantry Weapons Level 1  
  60  6:22  SCV  
  60  6:26  Missile Turret  
  60  6:28  Marine  
  60  6:29  SCV  
  60  6:32  Marine  
  63  6:34  SCV  
  63  6:37  Marine  
  65  6:41  SCV  
  65  6:44  Marine x2  
  65  6:45  Orbital Command  
  65  6:46  Medivac x2  
  75  6:56  SCV  
  75  6:57  SCV  
  77  7:04  Supply Depot  
  77  7:05  Marine x2  
  77  7:06  Marine  
  77  7:07  Marine  
  77  7:08  SCV  
  82  7:13  Barracks  
  82  7:14  Marine  
  82  7:15  Barracks  
  80  7:18  SCV  
  80  7:22  Marine  
  80  7:23  SCV x2  
  80  7:24  Marine  
  80  7:26  Marine  
  80  7:27  Marine  
  84  7:30  Combat Shield  
  82  7:37  Marine  
  82  7:38  SCV  
  82  7:40  Marine, SCV  
  82  7:42  SCV  
  86  7:45  Marine  
  86  7:48  Missile Turret  
  86  7:50  SCV  
  87  7:52  SCV  
  87  7:54  Marine x2, SCV  
  91  8:01  Supply Depot  
  91  8:02  SCV  
  91  8:03  Barracks Reactor x2  
  91  8:04  SCV  
  93  8:13  Armory  
  93  8:14  Marine x3, SCV  
  93  8:16  SCV  
  93  8:17  Marine  
  99  8:20  SCV  
  99  8:24  Refinery x2  
  100  8:29  Medivac, Factory  
  100  8:32  Marine x2  
  100  8:33  SCV  
  100  8:34  Marine  
  106  8:38  Supply Depot  
  106  8:40  Marine x2  
  108  8:43  SCV  
  109  8:59  Marine x3  
  109  9:00  Marine x2, SCV x3  
  117  9:05  Supply Depot x2  
Show
View Real Time Build Order
Export as new Build Order

ViperHyper Terran 

Build Orders:  

Get SALT Encoding   

  12  0:00  SCV  
  13  0:12  SCV  
  14  0:18  Supply Depot  
  14  0:25  SCV  
  15  0:40  SCV  
  15  0:41  Barracks  
  16  0:45  Refinery  
  16  0:52  SCV  
  17  1:00  Barracks  
  17  1:04  SCV  
  18  1:16  SCV  
  19  1:28  Barracks Tech Lab  
  19  1:29  Orbital Command  
  19  1:33  Supply Depot  
  19  1:47  Marauder, Concussive Shells  
  21  1:54  SCV  
  21  1:57  Barracks Tech Lab  
  21  2:00  Supply Depot  
  22  2:06  SCV  
  23  2:10  Marauder  
  25  2:16  Marauder  
  25  2:18  SCV  
  28  2:26  Supply Depot  
  28  2:31  SCV, Marauder  
  31  2:43  SCV  
  34  2:55  SCV  
  33  3:00  Marine x2  
  33  3:01  Command Center  
  35  3:07  SCV  
  35  3:08  Stimpack  
  35  3:11  Refinery  
  36  3:18  Marine x2  
  36  3:19  SCV  
  39  3:28  Barracks  
  39  3:31  SCV  
  40  3:36  Marine x2  
  42  3:42  Factory  
  42  3:43  SCV  
  41  3:53  Marine  
  43  3:55  SCV  
  43  3:59  Engineering Bay  
  43  4:07  Marine, SCV  
  45  4:11  Marine  
  45  4:14  Orbital Command  
  46  4:17  Barracks Reactor  
  46  4:19  SCV  
  47  4:28  Factory Tech Lab  
  47  4:29  Missile Turret, Starport  
  47  4:32  SCV  
  47  4:37  Marine x2  
  50  4:40  SCV  
  50  4:45  SCV  
  52  4:51  Siege Tank  
  55  4:53  SCV  
  55  4:55  Missile Turret  
  55  4:58  SCV  
  55  4:59  Marine x4  
  61  5:08  SCV, Combat Shield  
  62  5:20  Supply Depot  
  62  5:21  Supply Depot  
  62  5:23  SCV  
  62  5:29  SCV  
  62  5:32  Marine  
  62  5:33  Marine  
  62  5:39  Starport Reactor  
  62  5:42  Marine x2, SCV x2, Command Center  
  66  5:45  Supply Depot  
  65  5:54  Marine x2, SCV  
  66  5:58  SCV  
  66  5:59  Marine  
  66  6:02  Siege Tank  
  70  6:06  SCV  
  70  6:07  Marine  
  70  6:10  SCV  
  73  6:12  Marine  
  73  6:13  Terran Infantry Weapons Level 1  
  73  6:17  Medivac  
  76  6:18  SCV  
  76  6:19  Medivac  
  76  6:22  Marine x2  
  76  6:24  Marine, SCV  
  83  6:28  Refinery  
  83  6:29  Refinery  
  83  6:30  Supply Depot  
  83  6:33  Supply Depot  
  83  6:34  SCV  
  83  6:38  SCV  
  85  6:43  Marine  
  86  6:52  Marine x3, SCV x2  
  91  6:58  Barracks x2  
  95  7:02  Viking x2  
  95  7:04  SCV  
  95  7:06  SCV  
  97  7:12  Supply Depot  
  97  7:13  Orbital Command  
  97  7:16  SCV  
  97  7:18  SCV  
  98  7:25  Marine x2  
  98  7:28  SCV  
  101  7:30  SCV  
  101  7:36  Marine x2  
  104  7:40  Supply Depot x2, SCV  
  104  7:42  Marine, SCV  
  104  7:43  Armory, Engineering Bay, SCV  
  108  7:50  Barracks Reactor x2  
  108  7:51  Marine  
  109  7:52  SCV  
  109  7:54  Marine, SCV  
  109  7:55  SCV  
  111  8:04  SCV, Siege Tank  
  111  8:05  Marine x2  
  115  8:06  SCV  
  115  8:07  SCV  
  115  8:09  Medivac x2  
  121  8:13  Marine x2  
  121  8:14  Missile Turret  
  121  8:17  SCV  
  121  8:19  SCV x2  
  126  8:25  Factory  
  126  8:29  SCV  
  126  8:31  SCV x2  
  129  8:34  Supply Depot  
  129  8:35  Supply Depot  
  129  8:36  Marine x4  
  129  8:38  Supply Depot  
  129  8:39  Marine  
  129  8:40  Marine x2  
  129  8:41  SCV  
  137  8:43  SCV  
  137  8:44  Siege Tank  
  137  8:48  SCV  
  141  8:53  SCV  
  141  8:55  Supply Depot, SCV  
  141  9:00  SCV  
  139  9:12  Factory Tech Lab  
Show
View Real Time Build Order
Export as new Build Order

llllllllllll Terran 

Build Orders: Cyclone Opening, Mech 

Get SALT Encoding   

  12  0:02  SCV  
  14  0:14  SCV  
  14  0:19  Supply Depot  
  14  0:26  SCV  
  15  0:29  Refinery  
  15  0:41  SCV  
  16  0:46  Barracks  
  16  0:53  SCV  
  17  0:57  Refinery  
  17  1:05  SCV  
  19  1:18  SCV  
  19  1:33  Reaper, Orbital Command  
  19  1:38  Factory  
  20  1:48  Supply Depot  
  20  1:59  SCV  
  21  2:05  Barracks Tech Lab  
  21  2:11  SCV  
  22  2:28  SCV  
  23  2:32  Cyclone  
  23  2:33  Mag-Field Accelerator  
  26  2:37  Supply Depot  
  26  2:40  SCV  
  27  2:52  SCV  
  28  3:04  Cyclone  
  31  3:08  Command Center  
  31  3:14  SCV  
  32  3:20  Starport  
  32  3:26  SCV  
  33  3:32  Supply Depot  
  33  3:36  Cyclone  
  36  4:00  SCV  
  36  4:01  Starport Tech Lab  
  37  4:03  Supply Depot  
  37  4:10  Factory x2  
  37  4:12  SCV  
  38  4:21  Banshee  
  41  4:24  SCV, Orbital Command  
  41  4:30  Cloaking Field  
  42  4:38  SCV  
  43  4:46  Refinery  
  43  4:49  Cyclone  
  43  4:50  SCV  
  43  4:51  SCV  
  48  5:02  SCV  
  48  5:05  Factory Reactor, Factory Tech Lab  
  49  5:09  SCV  
  50  5:14  SCV  
  50  5:15  Refinery  
  51  5:23  SCV  
  51  5:26  SCV  
  51  5:27  Cyclone  
  56  5:35  SCV  
  57  5:38  SCV  
  56  5:47  SCV, Siege Tank  
  56  5:48  Hellion x2  
  63  5:51  SCV  
  64  5:58  Command Center  
  64  5:59  SCV  
  64  6:02  Banshee  
  64  6:03  SCV  
  70  6:11  SCV  
  70  6:32  Supply Depot, Hellion, SCV x2, Siege Tank x2  
  77  6:43  Supply Depot  
  77  6:44  SCV  
  78  6:54  Hellion, SCV  
  81  6:56  SCV  
  81  6:58  Starport Reactor  
  82  7:03  Supply Depot  
  82  7:04  Armory  
  82  7:06  SCV  
  83  7:08  Armory, Supply Depot, SCV  
  83  7:13  Supply Depot  
  84  7:18  SCV  
  84  7:20  SCV  
  86  7:27  SCV  
  86  7:28  Hellion, Siege Tank x2  
  86  7:29  Hellion  
  97  7:42  SCV, Orbital Command  
  98  7:45  Supply Depot  
  98  7:54  Hellion x2  
  99  7:59  SCV  
  99  8:00  SCV, Siege Tank  
  99  8:01  Orbital Command  
  104  8:13  Siege Tank  
  104  8:15  Viking  
  104  8:16  SCV  
  104  8:18  SCV  
  104  8:19  Refinery  
  111  8:22  Refinery  
  111  8:25  Viking  
  113  8:28  Engineering Bay, SCV  
  113  8:31  Hellion x2  
  115  8:47  Siege Tank x2  
  121  8:49  SCV  
  121  8:52  Supply Depot, Hellion x2  
Tags
 
Add a new tag
Caveats
  • Supply blocks, unpowered buildings, or Contaminate may cause inaccurate times.
  • Supply counts are checked every 10 seconds.